 Dungeon Crawl Stone Soup version 0.28-a0-1404-g4df0f3684d (webtiles) character file.

Game seed: 745779215881254970

1215 HallandMoats the Nimble (level 8, -2/38 HPs)
             Began as a Felid Monk on Jan 6, 2022.
             Was an Elder of Dithmenos.
             Slain by a phantom (6 damage)
             ... on level 7 of the Dungeon.
             The game lasted 00:12:06 (10116 turns).

HallandMoats the Nimble (Felid Monk)               Turns: 10116, Time: 00:12:07

Health: -2/38      AC:  2    Str:  7    XL:     8   Next: 22%
Magic:  14/14      EV: 23    Int: 12    God:    Dithmenos [****..]
Gold:   323        SH:  0    Dex: 20    Spells: 7/7 levels left
                                        Lives:  0   Deaths: 2

rFire   + . .      SeeInvis +     - Unarmed
rCold   . . .      Faith    .   (shield unavailable)
rNeg    . . .      Spirit   .   (armour unavailable)
rPois   .          Reflect  .   (helmet unavailable)
rElec   .          Harm     .   (cloak unavailable)
rCorr   .          Rampage  .   (gloves unavailable)
Will    +....                   (boots unavailable)
Stlth   ++++++....              (no amulet)
HPRegen 0.12/turn               h - ring of protection from fire
MPRegen 0.14/turn               (no ring)

@: wreathed by umbra, quick
A: very small, claws 1, fangs 3, see invisible, speed 1, shaggy fur 2, stealthy
paws, no weapons or thrown items, no armour, multi-lived, wild magic 1
a: Renounce Religion, Shadow Step


You were on level 7 of the Dungeon.
You worshipped Dithmenos.
Dithmenos was greatly pleased with you.
You visited 2 branches of the dungeon, and saw 8 of its levels.

You collected 323 gold pieces.

Inventory:

Jewellery
 h - a ring of protection from fire (left paw)
Wands
 c - a wand of acid (23)
 o - a wand of mindburst (35)
Scrolls
 g - 2 scrolls of teleportation
 n - a scroll of summoning
Potions
 a - 3 potions of flight
 b - 4 potions of curing
 q - a potion of brilliance
 s - 2 potions of heal wounds


   Skills:
 + Level 6.1 Fighting
 + Level 8.1 Dodging
 + Level 8.0 Stealth
 + Level 6.1 Unarmed Combat
 * Level 7.5 Invocations


You had 7 spell levels left.
You didn't know any spells.
Your spell library contained the following spells:

 Spells                   Type           Power      Damage    Failure   Level
 Ensorcelled Hibernation  Hex/Ice        0%         N/A       54%         2
 Tukima's Dance           Hex            0%         N/A       77%         3
 Airstrike                Air            0%         N/A       98%         4
 Animate Dead             Necr           0%         N/A       98%         4
 Summon Lightning Spire   Summ/Air       0%         N/A       98%         4
 Borgnjor's Vile Clutch   Necr/Erth      0%         N/A       100%        5
 Lightning Bolt           Conj/Air       0%         1d11      100%        5
 Death Channel            Necr           0%         N/A       100%        6
 Enfeeble                 Hex            0%         N/A       100%        7


Dungeon Overview and Level Annotations

Branches:
Dungeon (7/15)             Temple (1/1) D:4

Altars:
Cheibriados
Dithmenos
Elyvilon
Fedhas
Gozag
Hepliaklqana
Kikubaaqudgha
Makhleb
Nemelex Xobeh
Okawaru
Qazlal
Ru
Sif Muna
Trog
Uskayaw
Vehumet
Wu Jian
Xom
Yredelemnul
Zin
The Shining One

Shops:
D:2 (   D:3 [   D:6 [


Innate Abilities, Weirdness & Mutations

You have sharp claws.
You have razor-sharp teeth.
You have supernaturally acute eyesight. (SInv)
You cover ground quickly. (Speed+)
You are covered in thick fur. (AC +2)
Your paws help you pounce on unaware monsters.
You are incapable of wielding weapons or throwing items.
You cannot wear armour.
You gain extra lives every three experience levels.
Your spells are a little harder to cast, but a little more powerful.


Message History

The sky beast barely misses you.
You barely miss the sky beast. Your claw misses the sky beast.
The sky beast is almost dead.
You scratch the sky beast but do no damage.
The sky beast is almost dead.
The sky beast misses you.
You closely miss the sky beast.
The sky beast is almost dead.
Your shadow hits the sky beast but does no damage.
The sky beast barely misses you.
You scratch the sky beast but do no damage.
You bite the sky beast.
The sky beast is almost dead.
Your shadow hits the sky beast. The sky beast misses you.
You barely miss the sky beast.
The sky beast is almost dead.
The sky beast misses you.
You barely miss the sky beast. Your claw misses the sky beast.
The sky beast is almost dead.
The sky beast misses you.
You scratch the sky beast.
You kill the sky beast!
Dithmenos accepts your kill.
You claw the phantom! Your bite misses the phantom.
The phantom is moderately damaged.
The phantom hits you.
* * * LOW HITPOINT WARNING * * *
The phantom blinks!
You blink.
There is a stone staircase leading down here.
You claw the phantom!
The phantom is heavily damaged.
Your shadow hits the phantom. The phantom hits you.
* * * LOW HITPOINT WARNING * * *
You claw the phantom!
The phantom is almost destroyed.
The phantom closely misses you.
You completely miss the phantom. Your bite misses the phantom.
The phantom is almost destroyed.
The phantom hits you.
You die...

## .### ###########
...# #.........##
.#.# #..........#
.#.# #..8.....8.#
.#.# #..........#
...######......W@..#
........)......[...#
.......###.........#
.......#...........#
...>...#...8.$...8.#
.#.....#...........#
.#....#........###.#
.#.............# .#
##......##.....#


You could see a phantom.

Vanquished Creatures
  Sigmund (D:3)
  2 water moccasins
  3 sky beasts
  An ice beast (D:5)
  5 ogres
  3 necrophages
  A centaur (D:6)
  2 phantoms
  A bullfrog (D:7)
  4 scorpions
  2 wights
  2 howler monkeys
  A bullfrog zombie (D:5)
  A centaur zombie (D:7)
  2 orc priests
  A gnoll shaman (D:5)
  2 hounds
  A jelly (D:5)
  A bullfrog skeleton (D:6)
  3 iguanas
  3 orc wizards
  A killer bee zombie (D:5)
  A hound skeleton (D:4)
  2 howler monkey zombies (D:6)
  Robin (D:2)
  8 gnolls
  4 adders
  A shadow imp (D:7)
  An ufetubus (D:6)
  A worm (D:2)
  3 dart slugs
  7 orcs
  8 bats
  7 endoplasms
  6 giant cockroaches
  12 goblins
  12 hobgoblins
  7 quokkas
  10 ball pythons
  2 frilled lizards (D:1)
  7 kobolds
  4 rats
147 creatures vanquished.

Notes
Turn   | Place    | Note
-------+----------+-------------------------------------------
     0 | D:1      | HallandMoats the Felid Monk began the quest for the Orb.
     0 | D:1      | Reached XP level 1. HP: 10/10 MP: 2/2
   190 | D:1      | Reached XP level 2. HP: 13/14 MP: 3/3
   272 | D:1      | Reached skill level 1 in Invocations
  1074 | D:1      | Reached XP level 3. HP: 17/17 MP: 3/5
  1577 | D:2      | Found a faded altar of an unknown god.
  1594 | D:2      | Prayed at the altar of an unknown god.
  1594 | D:2      | Became a worshipper of Dithmenos the Shadowed
  1594 | D:2      | Reached * piety under Dithmenos
  1594 | D:2      | Reached ** piety under Dithmenos
  1842 | D:2      | Found Vojoruc's Weapon Emporium.
  1878 | D:2      | Reached *** piety under Dithmenos
  2233 | D:2      | Reached XP level 4. HP: 21/21 MP: 6/6
  2540 | D:3      | Noticed Robin
  2831 | D:2      | Killed Robin
  3256 | D:3      | Found a white marble altar of Elyvilon.
  3331 | D:3      | Noticed Sigmund
  3339 | D:3      | Killed Sigmund
  3340 | D:3      | Reached skill level 5 in Dodging
  3340 | D:3      | Reached XP level 5. HP: 25/25 MP: 6/8
  3376 | D:3      | Gained mutation: You are covered in thick fur. (AC +2)
                  | [Felid growth]
  3376 | D:3      | Reached XP level 6. HP: 25/28 MP: 9/9
  3461 | D:3      | Found Puciseoph's Antique Armour Emporium.
  4093 | D:4      | Found a staircase to the Ecumenical Temple.
  4948 | D:5      | Entered Level 5 of the Dungeon
  4960 | D:5      | Noticed an ice beast
  4965 | D:5      | Reached skill level 5 in Stealth
  4965 | D:5      | Reached XP level 7. HP: 32/32 MP: 11/11
  4982 | D:5      | Reached **** piety under Dithmenos
  5270 | D:5      | Reached skill level 5 in Invocations
  5480 | D:5      | Reached XP level 8. HP: 17/36 MP: 12/12
  6270 | Temple   | Entered the Ecumenical Temple
  6747 | D:5      | Reached skill level 5 in Fighting
  6747 | D:5      | Reached skill level 5 in Unarmed Combat
  8358 | D:6      | Found Pita Voto's Antique Armour Shop.
  8505 | D:6      | Found an ancient bone altar of Kikubaaqudgha.
  8541 | D:6      | Mangled by an ogre
  8542 | D:6      | Reached XP level 7. HP: -11/33 MP: 12/12
  8615 | D:6      | Gained mutation: Your spells are a little harder to cast,
                  | but a little more powerful. [potion of mutation]
  8624 | D:6      | Reached XP level 8. HP: 37/37 MP: 12/14
  8856 | D:7      | Found a burning altar of Makhleb.
  9574 | D:7      | Slain by a wyvern skeleton
  9575 | D:7      | Reached XP level 7. HP: -1/33 MP: 13/13
  9956 | D:7      | Reached XP level 8. HP: 38/38 MP: 14/14
 10116 | D:7      | Slain by a phantom

Illustrated notes

Levels and vault maps discovered:
D:1:      minmay_arrival_up_and_down, layout_basic
D:2:      layout_basic, serial_aquarium, aquarium_bridge_square
          [aquarium_subvault_bridge, aquarium_subvault_wall,
          aquarium_subvault_balcony, aquarium_subvault_bridge],
          aquarium_window_1, aquarium_window_2, aquarium_view_2c,
          aquarium_balcony_3a, shapermc_ecumenical_altar_ellora, serial_shops,
          nicolae_shop_advertising_works [nicolae_subvault_shop_adworks],
          hangedman_decor_slide_cut
D:3:      layout_loops_ring, marbit_many_paths, serial_shops, shop,
          uniq_sigmund, uniq_robin
D:4:      kennysheep_spiral_hall, layout_cave_pools,
          minmay_temple_entry_proselytizer, minmay_crossroads
D:5:      layout_loops_ring, serial_glass, glass_columns_b, glass_columns_c,
          glass_columns_c, glass_columns_b, glass_columns_a, glass_columns_b,
          chequers_serial_rivers_micro_b
D:6:      layout_loops_cross, mainiacjoe_overflow_brackets,
          kennysheep_windowed_goal
D:7:      layout_basic, makhleb_heckhound_becter, st_stairs_1,
          kennysheep_generic_room_15
Temple:   dpeg_five_rooms_temple

Skill      XL: |  1  2  3  4  5  6  7  8 |
---------------+-------------------------+-----
Invocations    | 1 2 3 4 5 7 |  7.5
Stealth        | 3 4 5 8 |  8.0
Dodging        | 5 6 8 |  8.1
Fighting       | 4 6 |  6.1
Unarmed Combat | 4 6 5 |  6.1

Action                   |  1- 3 |  4- 6 |  7- 9 || total
-------------------------+-------+-------+-------++-------
Melee: Unarmed           |   104 |   155 |   339 ||   598
       Bite              |     8 |    23 |    55 ||    86
       Punch             |     5 |     8 |    18 ||    31
  Use: Scroll            |       |       |    15 ||    15
       Potion            |       |       |     2 ||     2
 Stab: Sleeping          |    16 |    15 |    14 ||    45
       Distracted        |       |     1 |       ||     1
Armor: Skin              |     4 |     4 |     8 ||    16
Dodge: Dodged            |    71 |   135 |   336 ||   542

Table legend: (Time is in decaauts)
 A = Elapsed time spent in this place.
 B = Non-inter-level travel time spent in this place.
 C = Inter-level travel time spent in this place.
 D = Time resting spent in this place.
 E = Time spent auto-exploring this place.
 F = Levels seen in this place.
 G = Mean time per level.
                   A        B        C        D        E       F      G
               +--------+--------+--------+--------+--------+-----+--------+
         Total |   9109 |   8820 |    289 |   2742 |   4493 |   8 | 1138.6 |
       Dungeon |   8899 |   8650 |    249 |   2742 |   4331 |   7 | 1271.3 |
        Temple |    209 |    169 |     40 |      0 |    161 |   1 |  209.0 |
               +--------+--------+--------+--------+--------+-----+--------+

Top non-repeatable levels by time:
     D:5: 2464 daAuts
     D:2: 1623 daAuts
     D:6: 1410 daAuts
     D:1: 1054 daAuts
     D:3: 874 daAuts
     D:4: 863 daAuts
     D:7: 607 daAuts
  Temple: 209 daAuts
